 Dungeon Crawl Stone Soup version 0.31.0-32-g396128a36d (webtiles) character file.

Game seed: 18315672331028380010

401440 Lemonizer the Skinwalker (level 23, -16/355 HPs)
             Began as a Naga Alchemist on Mar 19, 2024.
             Was an Initiate of Gozag.
             Demolished by a +4 antimagic battleaxe (19 damage)
             ... animated by Zenata
             ... on level 2 of the Vaults on Mar 20, 2024.
             The game lasted 03:30:18 (68877 turns).

Lemonizer the Skinwalker (Naga Alchemist)          Turns: 68877, Time: 03:30:18

Health: -16/355    AC: 20    Str: 23    XL:     23   Next: 31%
Magic:  8/40       EV: 12    Int: 21    God:    Gozag
Gold:   9519       SH:  0    Dex: 17    Spells: 23/48 levels left

rFire   + + +        x - melded +1 rapier (protect)
rCold   . . .        l - melded orb "Ezumn" {light, Str+2 Int+3 Tloc}
rNeg    + + +        B - melded +2 robe {rC+}
rPois   +            (helmet currently unavailable)
rElec   +            z - melded +0 cloak {Will+}
rCorr   .            K - melded +1 pair of gloves
SInv    +            A - melded +2 barding
Will    ++...        y - amulet "Qeofien" {RegenMP ^Drain rN+++ Dex+2}
Stlth   +++++        r - ring "Renan" {rElec rC+ rN+}
HPRegen 0.79/turn    V - ring of Luis {rF+ AC+4}
MPRegen 0.67/turn

%: no passive effects
@: lethally poisoned (-16 -> -21), dragon-form, gold aura, flying, studying 2
skills
A: dragon claw, dragon scales, breathe fire, flying, boosted hp, AC +7, giant,
see invisible, (deformed body), (poison resistance), (slowness 2), spit poison
1, (naga tail 2)
}: 2/15 runes: serpentine, barnacled
a: Spit Poison, Breathe Fire, Begin Untransformation, Renounce Religion, Potion
Petition, Call Merchant, Bribe Branch


You were on level 2 of the Vaults.
You worshipped Gozag.
Gozag was greatly pleased with you.
You were a fearsome dragon!
You visited 8 branches of the dungeon, and saw 39 of its levels.
You also visited: Bailey, Ice Cave, Wizlab and Desolation.

You collected 19591 gold pieces.
You spent 6618 gold pieces at shops.
You paid 3454 gold pieces to Gozag.

Inventory:

Hand Weapons
 x - a +1 rapier of protection (melded)
Missiles
 i - 3 throwing nets
Armour
 l - the orb "Ezumn" (melded) {light, Str+2 Int+3 Tloc}
   (You found it on level 2 of the Dungeon)

   Str+2:     It affects your strength (+2).
   Int+3:     It affects your intelligence (+3).
   Tloc:      It increases the power of your Translocations spells.
 z - a +0 cloak of willpower (melded)
 A - a +2 barding (melded)
 B - a +2 robe of cold resistance (melded)
 K - a +1 pair of gloves (melded)
Jewellery
 j - a ring of protection from cold
 r - the ring "Renan" (left foreclaw) {rElec rC+ rN+}
   (You bought it in a shop on level 3 of the Depths)

   [ring of positive energy]

   rC+:       It protects you from cold.
   rElec:     It insulates you from electricity.
   rN+:       It protects you from negative energy.
 u - a ring of protection from fire
 y - the amulet "Qeofien" (around neck) {RegenMP ^Drain rN+++ Dex+2}
   (You took it off a servant of whispers in the Desolation of Salt)

   [amulet of magic regeneration]

   RegenMP:   It increases your rate of magic regeneration.
   Dex+2:     It affects your dexterity (+2).
   rN+++:     It renders you almost immune to negative energy.
   ^Drain:    It drains your maximum health when unequipped.
 F - the ring of Anuehan {rCorr Str+3 SInv}
   (You found it on level 3 of the Depths)

   [ring of see invisible]

   Str+3:     It affects your strength (+3).
   SInv:      It lets you see invisible.
   rCorr:     It protects you from acid and corrosion.
 V - the ring of Luis (right foreclaw) {rF+ AC+4}
   (You bought it in a shop on level 6 of the Dungeon)

   [ring of protection]

   AC+4:      It affects your AC (+4).
   rF+:       It protects you from fire.
Talismans
 s - a dragon-blood talisman (active)
 P - the serpent talisman of Resilience {Int+3 Dex+3 Slay+3}
   (You took it off Aizul on level 4 of the Shoals)

   [serpent talisman]

   Int+3:     It affects your intelligence (+3).
   Dex+3:     It affects your dexterity (+3).
   Slay+3:    It affects your accuracy & damage with ranged weapons and melee
   (+3).
 Q - the storm talisman of Hamawan {Str+5 Dex+3}
   (You bought it in a shop on level 6 of the Dungeon)

   [storm talisman]

   Str+5:     It affects your strength (+5).
   Dex+3:     It affects your dexterity (+3).
Wands
 n - a wand of iceblast (36)
 t - a wand of quicksilver (11)
 J - a wand of charming (23)
 O - a wand of digging (7)
Scrolls
 c - 5 scrolls of revelation
 d - a scroll of immolation
 h - 4 scrolls of noise
 w - 12 scrolls of fog
 C - 10 scrolls of poison
 D - 4 scrolls of silence
 H - 4 scrolls of fear
 N - a scroll of summoning
Potions
 a - a potion of invisibility
 b - 4 potions of magic
 f - 7 potions of curing
 g - a potion of heal wounds
 m - 6 potions of brilliance
 q - 9 potions of mutation
 v - 9 potions of haste
 I - 5 potions of resistance
 L - 4 potions of might
 S - 2 potions of cancellation
 T - 7 potions of enlightenment
Miscellaneous
 G - a sack of spiders
 U - a phial of floods
 X - a tin of tremorstones (inert)
 Y - a lightning rod (4/4)
 Z - a phantom mirror (inert)


   Skills:
 - Level 20.4 Fighting
 - Level 10.0 Dodging
 - Level 10.0 Stealth
 - Level 11.6 Unarmed Combat
 - Level 13.1 Spellcasting
 - Level 1.0 Conjurations
 - Level 5.0 Hexes
 - Level 2.0 Translocations
 - Level 3.0 Fire Magic
 - Level 3.3 Ice Magic
 - Level 10.0 Alchemy
 - Level 16.4 Evocations
 + Level 22.0 Shapeshifting


You had 23 spell levels left.
You knew the following spells:

 Your Spells              Type           Power      Damage    Failure   Level
a - Sticky Flame          Fire/Alch      41%        2d8       3%          4
b - Ozocubu's Armour      Ice            28%        N/A       3%          3
c - Mephitic Cloud        Conj/Alch/Air  29%        N/A       3%          3
d - Olgreb's Toxic Radia  Alch           54%        N/A       1%          4
e - Ignite Poison         Fire/Alch      41%        N/A       3%          4
f - Blink                 Tloc           44%        N/A       3%          2
g - Yara's Violent Unrav  Hex/Alch       22%        3d10      6%          5

Your spell library contained the following spells:

 Spells                   Type           Power      Damage    Failure   Level
 Freeze                   Ice            100%       1d10      1%          1
 Slow                     Hex            100%       N/A       1%          1
 Sting                    Conj/Alch      100%       1d9       1%          1
 Cigotuvi's Dreadful Rot  Necr/Alch/Air  54%        N/A       1%          2
 Mercury Vapours          Alch/Air       68%        N/A       1%          2
 Confusing Touch          Hex            34%        N/A       1%          3
 Tukima's Dance           Hex            34%        N/A       1%          3
 Inner Flame              Hex/Fire       30%        N/A       2%          3
 Alistair's Intoxication  Alch           36%        N/A       2%          5
 Kiss of Death            Conj/Necr      60%        2d10      3%          1
 Magic Dart               Conj           72%        1d6       3%          1
 Shock                    Conj/Air       60%        1d6       3%          1
 Lesser Beckoning         Tloc           44%        N/A       3%          2
 Frozen Ramparts          Ice            56%        1d9       3%          3
 Summon Small Mammal      Summ           52%        N/A       4%          1
 Dazzling Flash           Conj/Hex       52%        N/A       4%          3
 Volatile Blastmotes      Fire/Tloc      48%        2d14      4%          3
 Fulminant Prism          Conj/Alch      18%        3d10      4%          4
 Gell's Gravitas          Tloc           22%        N/A       6%          3
 Teleport Other           Tloc           22%        N/A       6%          3
 Cause Fear               Hex            17%        N/A       6%          4
 Call Imp                 Summ           26%        N/A       7%          2
 Dimensional Bullseye     Hex/Tloc       14%        N/A       11%         4
 Stone Arrow              Conj/Erth      30%        3d8       12%         3
 Call Canine Familiar     Summ           13%        N/A       14%         3
 Swiftness                Air            13%        N/A       14%         3
 Irradiate                Conj/Alch      18%        3d17      14%         5
 Anguish                  Hex/Necr       12%        N/A       17%         4
 Manifold Assault         Tloc           22%        N/A       21%         4
 Metabolic Englaciation   Hex/Ice        15%        N/A       24%         5
 Iskenderun's Mystic Bla  Conj/Tloc      20%        2d6       26%         4
 Summon Blazeheart Golem  Fire/Summ      20%        N/A       26%         4
 Vhi's Electric Charge    Tloc/Air       34%        N/A       30%         4
 Airstrike                Air            6%         2d(1-17)  43%         4
 Animate Armour           Summ/Erth      26%        N/A       43%         4
 Dispel Undead            Necr           13%        3d9       43%         4
 Martyr's Knell           Necr/Summ      13%        N/A       43%         4
 Summon Lightning Spire   Summ/Air       13%        N/A       43%         4
 Silence                  Hex/Air        12%        N/A       43%         5
 Summon Mana Viper        Hex/Summ       24%        N/A       43%         5
 Sculpt Simulacrum        Ice/Alch       20%        N/A       43%         6
 Freezing Cloud           Conj/Ice/Air   9%         6-21      56%         5
 Summon Forest            Summ/Tloc      8%         N/A       65%         5
 Arcjolt                  Conj/Air       7%         1d17      71%         5
 Borgnjor's Vile Clutch   Necr/Erth      6%         N/A       78%         5
 Curse of Agony           Necr           13%        N/A       78%         5
 Lee's Rapid Deconstruct  Erth           6%         3d6*      78%         5
 Dispersal                Tloc           11%        N/A       97%         6
 Starburst                Conj/Fire      11%        6d5       97%         6
 Plasma Beam              Fire/Air       10%        2x1d21    98%         6
 Conjure Ball Lightning   Conj/Air       7%         3x3d6     99%         6
 Enfeeble                 Hex            17%        N/A       99%         7
 Death Channel            Necr           6%         N/A       100%        6
 Summon Cactus Giant      Summ           6%         N/A       100%        6
 Haunt                    Necr/Summ      6%         N/A       100%        7
 Malign Gateway           Summ/Tloc      8%         N/A       100%        7
 Orb of Destruction       Conj           9%         9d6       100%        7
 Ozocubu's Refrigeration  Ice            14%        4d10      100%        7
 Disjunction              Tloc           11%        N/A       100%        8
 Ignition                 Fire           13%        3d6       100%        8
 Infestation              Necr           6%         N/A       100%        8
 Lehudib's Crystal Spear  Conj/Erth      7%         10d3      100%        8
 Maxwell's Capacitive Co  Air            6%         ∞         100%        8
 Polar Vortex             Ice            14%        12d1*     100%        9
 Animate Dead             Necr           Unusable   N/A       N/A         4

Dungeon Overview and Level Annotations

Branches:
Dungeon (15/15)            Temple (0/1) D:7            Lair (5/5) D:10
 Shoals (4/4) Lair:2        Snake (4/4) Lair:2        Slime (0/5) Lair:5
    Orc (2/2) D:9             Elf (0/3) Orc:2        Vaults (4/5) D:14
  Crypt (1/3) Vaults:2     Depths (4/4) D:15            Zot (0/5) Depths:4
 Bailey (visited)           IceCv (visited)          WizLab (visited)
Desolation (visited)

Altars:
Elyvilon
Gozag
Hepliaklqana
Makhleb
Okawaru
Ru
Vehumet
Wu Jian
Xom
Zin
The Shining One
Jiyva

Shops:
D:1 (   D:3 [   D:6 =   D:10 *=*   D:14 *   D:15 *(   Orc:2 :(((=   Snake:4 !
Vaults:2 *   Depths:3 =*

Portals:
Hell: Depths:1 Depths:2 Depths:3 Depths:4
Abyss: Depths:3
Pandemonium: Depths:2 Depths:3
Ziggurat: Depths:2
Trove: Vaults:1 (give +4 fire dragon scales)

Annotations:
D:8 3 runed translucent doors, middlethird's ghost, novice VSCj
Shoals:4 Roxanne
Snake:2 6 runed translucent doors, Tripartite's ghost, adept MfBe
Snake:4 6 transporters
Vaults:2 Zenata
Vaults:4 Mennas
Depths:1 2 transporters, Pikuto's ghost, adept MiBe
Depths:3 3 runed translucent doors, exclusion: obsidian statue, WeeknightWizard's ghost, veteran DEFE


Innate Abilities, Weirdness & Mutations

You are a fearsome dragon!
You have a powerful clawing attack.
Your giant scaled body is strong and resilient, but less evasive.
You can breathe fire.
You are flying.
Your maximum health is greatly increased.
Your armour is entirely melded.
You are incapable of wielding weapons or throwing items.
((Your serpentine skin is tough. (AC +7)))
You have supernaturally acute eyesight. (SInv)
((Armour fits poorly on your strangely shaped body.))
((Your system is resistant to poisons. (rPois)))
((You cover ground very slowly.))
You can spit poison.
((You can use your snake-like lower body to constrict enemies.))


Message History

The +4 glaive of venom hits you from afar!
You feel yourself speed up.
You feel very sick.
The +2 flail of protection barely misses you.
The +3 scimitar of venom hits Zenata!
Zenata looks as sick as possible!
The +4 antimagic battleaxe attacks as it pursues you!
The +4 antimagic battleaxe hits you!!
You feel your power leaking away. The +1 war axe of flaming hits you!!
* * * LOW HITPOINT WARNING * * *
The +1 war axe of flaming hits Zenata!
The +1 war axe of flaming burns Zenata.
The +4 glaive of venom hits you from afar!!
* * * LOW HITPOINT WARNING * * *
The +2 flail of protection hits you but does no damage.
The +3 scimitar of venom hits Zenata!!
Zenata looks as sick as possible!
The +4 antimagic battleaxe hits you!!
* * * LOW HITPOINT WARNING * * *
You feel your power leaking away. The +1 war axe of flaming hits you!!
* * * LOW HITPOINT WARNING * * *
The +1 war axe of flaming burns you.
* * * LOW HITPOINT WARNING * * *
The +1 war axe of flaming hits Zenata!
The +1 war axe of flaming burns Zenata.
Zenata dies!
Zenata's corpse shimmers and vanishes!
The necrophage hits you but does no damage.
Zenata casts a spell at you.
A blast of power from the earth and the adjacent constructs strikes you!
* * * LOW HITPOINT WARNING * * *
The +2 flail of protection hits you but does no damage.
Your slime creature hits the necrophage!
The +4 glaive of venom hits you from afar.
* * * LOW HITPOINT WARNING * * *
Your slime creature hits Zenata.
Your slime creature hits the necrophage.
The +1 war axe of flaming misses you. The +4 antimagic battleaxe hits you!!
You die...
Your body crumbles into a pile of gold.

.............##.........#
.............##.........#
.............##.........#
'##############''''######
....................##########
............#######.'........#
..!8...8...8#..(..#.#.###'##.#
............#..a((#.#.#.'..#.#
)...........'.J(D(#.#.#.####.#
............#..Jn.#.#.####.#.#
...8...8...8#..J..#.#.#.[#.)[#
............#######.#.##'###.#
..........).........#........#
#########'###########'##'#####
########......# #......#
#......'......# #.[....#
#......'......# #......#


You could see Zenata, a necrophage (ally target), 5 dancing weapons and 3
friendly slime creatures.

Vanquished Creatures
  A juggernaut (Depths:2)
  Bai Suzhen (Shoals:4)
  Sojobo (Vaults:4)
  Margery (Vaults:4)
  3 caustic shrikes (Depths:4)
  2 golden dragons
  Jory (Depths:4)
  A walking crystal tome (Depths:3)
  3 sphinxes
  A lich (Depths:3)
  A quicksilver dragon (WizLab)
  A storm dragon (Depths:3)
  6 tengu reavers
  A shadow dragon (Depths:3)
  A revenant (Crypt:1)
  7 fire giants
  6 nagarajas
  7 frost giants
  Louise (Shoals:3)
  10 vault wardens
  2 imperial myrmidons (Desolation)
  A draconian shifter (Depths:4)
  An iron dragon (Depths:4)
  2 orc warlords
  2 angels (Vaults:3)
  A draconian stormcaller (Depths:4)
  A ghoul (Crypt:1)
  2 spriggan defenders
  18 very ugly things
  3 formless jellyfish
  A draconian annihilator (Depths:4)
  12 ironbound preservers
  4 stone giants
  8 ironbound thunderhulks
  A green draconian (Depths:4)
  A deep elf death mage (Vaults:4)
  2 vampire knights
  A halazid warlock (Desolation)
  A purple draconian (Depths:4)
  2 war gargoyles
  7 spark wasps
  2 red draconians (Depths:4)
  8 dire elephants
  A quicksilver dragon zombie (Vaults:3)
  6 ettins
  2 crystal guardians
  6 fire dragons
  9 merfolk impalers
  11 ragged hierophants (Desolation)
  7 great orbs of eyes
  Fannar (Lair:3)
  4 yaktaur captains
  3 entropy weavers
  7 servants of whispers (Desolation)
  4 hydras
  8 vault guards
  8 ice dragons
  7 peacekeepers
  2 salamander tyrants (Snake:4)
  6 ogre magi
  3 merfolk avatars
  3 rakshasas
  9 ironbound frosthearts
  9 anacondas
  5 spriggan air magi
  7 centaur warriors
  5 death knights (D:14)
  3 alligator snapping turtles
  7 merfolk aquamancers
  2 boulder beetles
  2 catoblepae
  3 satyrs
  8 deep troll shamans
  3 vampire magi
  20 two-headed ogres
  9 deep troll earth magi
  4 tengu warriors
  An occultist (Depths:1)
  4 spriggan berserkers
  An orc high priest (Orc:2)
  7 shock serpents
  A spriggan (Depths:1)
  10 naga sharpshooters
  12 naga warriors
  3 skysharks
  6 hell knights
  14 iron trolls
  A fire crab (Shoals:1)
  A salamander mystic (Snake:4)
  4 skeletal warriors
  3 naga ritualists
  7 arcanists
  14 sea snakes
  44 deep trolls
  12 mana vipers
  2 flayed ghosts
  5 glowing orange brains
  3 tengu zombies
  6 lindwurms
  4 phantasmal warriors
  11 ironbound convokers
  9 necromancers
  A shadow dragon zombie (Depths:2)
  4 orc knights
  18 harpies
  3 deep elf pyromancers
  A wolf spider (Lair:1)
  An oklob plant (Lair:4)
  2 harpies (shapeshifter) (D:15)
  7 fauns
  2 cyclopes (shapeshifter)
  3 orc sorcerers (Orc:2)
  7 cyclopes
  9 salamanders
  33 ugly things
  15 manticores
  A fire giant skeleton (Depths:2)
  7 guardian serpents
  4 elephants (Lair:2)
  3 ice statues (IceCv)
  26 black mambas
  A rust devil (Depths:3)
  20 vault sentinels
  An eye of devastation (shapeshifter) (Depths:4)
  3 meliai (D:14)
  6 water nymphs
  6 kobold blastminers
  12 merfolk sirens
  A human skeleton (Vaults:3)
  A gargoyle (D:12)
  4 molten gargoyles (Desolation)
  13 naga magi
  A titan simulacrum (Vaults:3)
  An unseen horror (D:12)
  11 cane toads
  A rime drake (Lair:5)
  A freezing wraith (Vaults:2)
  5 tengu conjurers
  12 komodo dragons
  25 yaktaurs
  A kobold demonologist (D:12)
  A merfolk (shapeshifter) (Depths:1)
  66 saltlings (Desolation)
  6 trolls
  30 merfolk
  4 polar bears
  5 wind drakes
  3 blink frogs (Lair:2)
  5 hornets
  21 dream sheep
  2 spriggan zombies (D:15)
  5 snapping turtles
  A human simulacrum (Vaults:4)
  Sigmund (D:6)
  A culicivora (Vaults:2)
  2 shadows
  A spriggan skeleton (D:15)
  27 slime creatures
  7 wraiths
  4 vampires
  16 water elementals
  2 dire elephant simulacra (IceCv)
  53 yaks
  2 wargs
  Eustachio (D:4)
  2 fire bats (Shoals:1)
  3 wyverns
  3 steam dragons
  Grum (D:11)
  5 redbacks
  A death yak simulacrum (IceCv)
  3 basilisks
  3 vampire mosquitoes
  A yaktaur simulacrum (Vaults:3)
  59 nagas
  2 swamp worms (D:11)
  A human zombie (Vaults:4)
  5 acid dragons
  22 water moccasins
  A hydra simulacrum (IceCv)
  Duvessa (D:4)
  27 orc warriors
  2 sky beasts (D:6)
  A swamp drake (Lair:5)
  3 black bears
  An ice beast (D:7)
  34 ogres
  25 wolves
  A laughing skull (Vaults:2)
  A boggart (Vaults:1)
  4 centaurs
  4 kobold brigands
  15 bullfrogs
  3 scorpions
  A gnoll sergeant (D:7)
  A glowing shapeshifter simulacrum (Depths:2)
  2 cane toad simulacra (IceCv)
  Dowan (D:4)
  2 elephant simulacra (IceCv)
  10 electric eels
  2 howler monkeys
  2 bombardier beetles (D:6)
  A hound (D:7)
  9 jellies
  4 orc priests
  A gnoll bouda (D:8)
  Jessica (D:2)
  9 iguanas
  Ijyb (D:5)
  A sleepcap (D:7)
  11 orc wizards
  A polar bear simulacrum (IceCv)
  9 gnolls
  2 adders (D:6)
  4 shadow imps
  2 white imps
  7 ufetubi
  3 dart slugs
  A ribbon worm (D:2)
  69 orcs
  7 endoplasms
  5 giant cockroaches
  6 hobgoblins
  4 jackals (D:3)
  6 quokkas
  6 ball pythons
  7 bats
  4 frilled lizards
  8 goblins
  24 kobolds
  5 rats
  A butterfly (Lair:2)
1531 creatures vanquished.

Vanquished Creatures (collateral kills)
  2 caustic shrikes
  A walking frostbound tome (Depths:3)
  A quicksilver dragon (Depths:3)
  A searing wretch (Vaults:3)
  3 sphinxes (Depths:3)
  2 storm dragons (Depths:3)
  Aizul (Shoals:4)
  A fire giant (Depths:3)
  A frost giant (Depths:2)
  A spriggan defender (Depths:3)
  2 vampire knights
  An ettin (Depths:3)
  2 fire dragons (Depths:2)
  A rakshasa (Depths:2)
  An ironbound frostheart (Vaults:3)
  An occultist (Depths:3)
  A spriggan berserker (Depths:3)
  A phantasmal warrior (Depths:3)
  A cyclops (Shoals:4)
  A slime creature (Vaults:2)
  2 naga magi (Snake:3)
  A black mamba (Snake:3)
  2 tengu conjurers
  A redback (shapeshifter) (Depths:3)
  2 nagas (Snake:3)
34 creatures vanquished.

Vanquished Creatures (others)
  2 juggernauts (Depths:3)
  A walking earthen tome (Depths:3)
  A walking divine tome (Depths:2)
  4 fire giants
  5 frost giants (Depths:3)
  A juggernaut zombie (Depths:2)
  A stone giant (Depths:3)
  A lorocyproca (Depths:2)
  A blizzard demon (Depths:2)
  An ice dragon (Depths:3)
  A spriggan air mage (Depths:3)
  A deep troll earth mage (Depths:3)
  A spriggan berserker (Depths:3)
  A skyshark (shapeshifter) (Depths:2)
  A glowing orange brain (Depths:3)
  A necromancer (Depths:3)
  A smoke demon (Depths:2)
  A tengu conjurer (WizLab)
  A shadow (D:12)
  A naga (Snake:3)
28 creatures vanquished.

Grand Total: 1593 creatures vanquished

Notes
Turn   | Place    | Note
-------+----------+-------------------------------------------
     0 | D:1      | Lemonizer the Naga Alchemist began the quest for the Orb.
     0 | D:1      | Reached XP level 1. HP: 15/15 MP: 3/3
    70 | D:1      | Reached XP level 2. HP: 5/22 MP: 0/5
   163 | D:1      | Found Tolag's Weapon Shop.
   693 | D:1      | Reached XP level 3. HP: 28/28 MP: 3/6
  1112 | D:2      | Identified the orb "Ezumn" {light, Str+2 Int+3 Tloc}
  1268 | D:2      | Noticed Jessica
  1275 | D:2      | Killed Jessica
  1276 | D:2      | Reached XP level 4. HP: 12/36 MP: 3/8
  1503 | D:2      | Learned a level 2 spell: Mercury Vapours
  1507 | D:2      | Learned a level 3 spell: Mephitic Cloud
  1692 | D:2      | Reached skill level 5 in Alchemy
  2212 | D:3      | Found Uqe Ulur's Antique Armour Boutique.
  2635 | D:4      | Found a glowing golden altar of the Shining One.
  2757 | D:4      | Noticed Eustachio
  2758 | D:4      | Noticed a black bear
  2770 | D:4      | Killed Eustachio
  2771 | D:4      | Reached XP level 5. HP: 42/42 MP: 6/11
  2771 | D:4      | Reached XP level 6. HP: 49/49 MP: 6/12
  2774 | D:4      | Killed a black bear
  2781 | D:4      | Learned a level 4 spell: Olgreb's Toxic Radiance
  2786 | D:4      | Learned a level 4 spell: Sticky Flame
  2919 | D:4      | Reached skill level 1 in Fire Magic
  2999 | D:4      | Found an opulent altar of Gozag.
  3241 | D:4      | Reached XP level 7. HP: 48/55 MP: 9/14
  3286 | D:4      | Noticed Duvessa
  3286 | D:4      | Noticed Dowan
  3292 | D:4      | Killed Duvessa
  3293 | D:4      | Reached skill level 5 in Spellcasting
  3295 | D:4      | Killed Dowan
  3874 | D:5      | Entered Level 5 of the Dungeon
  4202 | D:5      | Noticed a hornet
  4206 | D:5      | Killed a hornet
  4207 | D:5      | Reached XP level 8. HP: 62/62 MP: 5/16
  4723 | D:5      | Noticed Ijyb
  4731 | D:5      | Killed Ijyb
  5069 | D:6      | Found Lioxta Deopn's Jewellery Boutique.
  5265 | D:6      | Reached skill level 1 in Fighting
  5286 | D:6      | Identified the +0 robe "Ysettaacs" {rElec Slay+3}
  5708 | D:6      | Noticed Sigmund
  5718 | D:6      | Killed Sigmund
  5720 | D:6      | Reached XP level 9. HP: 78/78 MP: 8/20
  6017 | D:6      | Reached skill level 5 in Fighting
  6092 | D:6      | Found a shimmering altar of Xom.
  6092 | D:6      | Found an ornate altar of the Wu Jian Council.
  6384 | D:4      | Became a worshipper of Gozag Ym Sagoz the Greedy
  6812 | D:7      | Found a sacrificial altar of Ru.
  6932 | D:7      | Found a staircase to the Ecumenical Temple.
  7067 | D:7      | Noticed a hornet
  7071 | D:7      | Killed a hornet
  7080 | D:7      | Reached XP level 10. HP: 85/94 MP: 9/23
  7291 | D:7      | Identified the +2 pair of boots of Adeguaso {rElec Dex+3}
  7446 | D:8      | Noticed a white ugly thing
  7455 | D:8      | Killed a white ugly thing
  7506 | D:8      | Reached skill level 5 in Stealth
  7593 | D:8      | Found a runed translucent gate.
  7596 | D:8      | Found a runed translucent gate.
  7596 | D:8      | Found a runed translucent gate.
  7600 | D:8      | Noticed middlethird's ghost (novice VSCj)
  7621 | D:8      | Found an iron altar of Okawaru.
  7863 | D:8      | Found a radiant altar of Vehumet.
  8175 | D:9      | Reached skill level 10 in Spellcasting
  8345 | D:9      | Noticed a centaur warrior
  8391 | D:9      | Killed a centaur warrior
  8392 | D:9      | Reached XP level 11. HP: 43/106 MP: 2/25
  8759 | D:9      | Found a staircase to the Orcish Mines.
  9077 | D:9      | Reached skill level 10 in Stealth
  9082 | D:9      | Reached skill level 10 in Fighting
  9132 | D:9      | Found a hazy altar of Hepliaklqana.
  9543 | D:6      | Bought the ring of Luis {rF+ AC+4} for 550 gold pieces
  9543 | D:6      | Bought the ring of Hofain Foeco {rElec rPois Str+6 Int-3}
                  | for 526 gold pieces
  9596 | D:10     | Entered Level 10 of the Dungeon
  9651 | D:10     | Reached skill level 1 in Evocations
  9651 | D:10     | Reached skill level 1 in Shapeshifting
  9705 | D:10     | Found a flagged portal.
  9705 | D:10     | Noticed a two-headed ogre
  9725 | D:10     | Killed a two-headed ogre
  9726 | D:10     | Reached skill level 2 in Shapeshifting
  9806 | Bailey   | Entered a bailey
 10184 | D:10     | Found Vutunu's Jewellery Boutique.
 10206 | D:10     | Reached skill level 3 in Shapeshifting
 10268 | D:10     | Found Laicaast's Assorted Antiques.
 10271 | D:10     | Bought a scroll labelled PUMATS FOYXENK for 27 gold pieces
 10271 | D:10     | Bought a scroll labelled ZEUCKYFR KYSK for 27 gold pieces
 10271 | D:10     | Bought a potion of heal wounds for 135 gold pieces
 10305 | D:10     | Found a burning altar of Makhleb.
 10412 | D:10     | Noticed a two-headed ogre
 10427 | D:10     | Killed a two-headed ogre
 10451 | D:10     | Found a staircase to the Lair.
 10521 | D:10     | Found Guiwnitew's General Store.
 10526 | D:10     | Bought a scroll of teleportation for 42 gold pieces
 10526 | D:10     | Bought a scroll of revelation for 105 gold pieces
 10584 | D:11     | Noticed Grum
 10592 | D:11     | Killed Grum
 10593 | D:11     | Reached skill level 4 in Shapeshifting
 10661 | D:11     | Noticed a manticore
 10665 | D:11     | Killed a manticore
 10750 | D:11     | Noticed a white ugly thing
 10766 | D:11     | Reached skill level 5 in Evocations
 10771 | D:11     | Killed a white ugly thing
 10772 | D:11     | Reached skill level 5 in Shapeshifting
 10774 | D:11     | Reached XP level 12. HP: 76/116 MP: 9/26
 10986 | D:11     | Noticed a two-headed ogre
 10995 | D:11     | Killed a two-headed ogre
 10996 | D:11     | Reached skill level 6 in Shapeshifting
 11502 | Lair:1   | Entered Level 1 of the Lair of Beasts
 11506 | Lair:1   | Reached skill level 7 in Shapeshifting
 11819 | Lair:1   | Reached skill level 8 in Shapeshifting
 12540 | Lair:2   | Found a staircase to the Snake Pit.
 12676 | Lair:2   | Reached skill level 9 in Shapeshifting
 12911 | Lair:2   | Reached skill level 10 in Shapeshifting
 13216 | Lair:2   | Gained mutation: You can use your snake-like lower body to
                  | constrict enemies. [Naga growth]
 13216 | Lair:2   | Reached XP level 13. HP: 122/123 MP: 15/27
 13219 | Lair:2   | Reached skill level 11 in Shapeshifting
 13521 | Lair:2   | Found a staircase to the Shoals.
 13687 | Lair:2   | Reached skill level 12 in Shapeshifting
 14303 | Lair:3   | Got Qasob's Handbook of Bewitchment
 14383 | Lair:3   | Noticed Fannar
 14397 | Lair:3   | Reached skill level 1 in Unarmed Combat
 14402 | Lair:3   | Killed Fannar
 14454 | Lair:3   | Identified the +1 whip of the Hurting Enemy {holy, Str+4
                  | SInv Stlth-}
 14834 | Lair:3   | You fall into a shaft and drop 2 floors!
 14834 | Lair:5   | Entered Level 5 of the Lair of Beasts
 14983 | Lair:4   | Reached skill level 13 in Shapeshifting
 15023 | Lair:4   | Found a frozen archway.
 15078 | IceCv    | Entered an ice cave
 15646 | IceCv    | Got Niuxaow's Quarto of Freezing
 16036 | Lair:4   | Reached skill level 5 in Unarmed Combat
 16305 | Lair:4   | Reached XP level 14. HP: 132/132 MP: 25/28
 16668 | Lair:4   | Identified the +11 whip of the Six Mystics {drain, rC+++
                  | Str-2}
 18186 | Lair:5   | Found a viscous altar of Jiyva.
 18274 | Lair:5   | Found a staircase to the Slime Pits.
 18657 | Lair:5   | Reached skill level 14 in Shapeshifting
 18984 | D:12     | Learned a level 4 spell: Ignite Poison
 19830 | D:13     | Reached skill level 10 in Alchemy
 21203 | D:14     | Identified the +2 robe "Jafoa" {SInv}
 21218 | D:14     | Found Typlecv Laem's Blood Bar.
 21605 | D:14     | Reached XP level 15. HP: 138/138 MP: 19/29
 21609 | D:14     | Reached skill level 15 in Shapeshifting
 21634 | D:14     | Reached skill level 10 in Unarmed Combat
 21803 | D:14     | Found a gate to the Vaults.
 23115 | D:15     | Entered Level 15 of the Dungeon
 23183 | D:15     | Found a staircase to the Depths.
 23333 | D:15     | Found Azuezio's Weapon Shop.
 23940 | D:15     | Found Uqe Ulur's Overcharged Wands.
 25089 | Snake:1  | Entered Level 1 of the Snake Pit
 25235 | Snake:1  | Noticed a nagaraja
 25573 | Snake:1  | Killed a nagaraja
 25875 | Snake:1  | You fall into a shaft and drop 1 floor!
 25918 | Snake:2  | Found a runed translucent door.
 26154 | Snake:2  | Noticed a nagaraja
 26164 | Snake:2  | Killed a nagaraja
 26376 | Snake:1  | Reached skill level 5 in Dodging
 26743 | Snake:1  | Reached XP level 16. HP: 152/152 MP: 27/30
 27436 | Snake:2  | Found a huge runed translucent gate.
 27436 | Snake:2  | Found a huge runed translucent gate.
 27437 | Snake:2  | Found a huge runed translucent gate.
 27437 | Snake:2  | Found a huge runed translucent gate.
 27437 | Snake:2  | Found a huge runed translucent gate.
 27658 | Snake:2  | Noticed Tripartite's ghost (adept MfBe)
 30140 | Shoals:1 | Entered Level 1 of the Shoals
 31891 | Shoals:2 | Noticed a kraken
 32249 | Shoals:2 | Reached XP level 17. HP: 166/166 MP: 24/31
 32929 | Shoals:3 | Noticed Louise
 33434 | Shoals:3 | Reached skill level 15 in Fighting
 33974 | Shoals:3 | Killed Louise
 34003 | Shoals:4 | Entered Level 4 of the Shoals
 34003 | Shoals:4 | Identified the serpent talisman of Resilience {Int+3 Dex+3
                  | Slay+3}
 34003 | Shoals:4 | Noticed Aizul
 34156 | Shoals:4 | Reached skill level 10 in Dodging
 34710 | Shoals:4 | Killed Aizul
 35140 | Shoals:4 | Noticed Bai Suzhen
 35627 | Shoals:4 | Noticed Roxanne
 35729 | Shoals:4 | Identified the +5 morningstar "Dragonslayer" {flame, rN+
                  | SInv Stlth-}
 35735 | Shoals:4 | Got a barnacled rune of Zot
 35762 | Shoals:4 | Killed Bai Suzhen
 35899 | Shoals:4 | Identified the +4 helmet of Agnosticism {*Slow rPois
                  | Will+++ Dex+2}
 35994 | Shoals:4 | Paralysed by a formless jellyfish for 1 turns
 36519 | Orc:1    | Entered Level 1 of the Orcish Mines
 36530 | Orc:1    | Reached XP level 18. HP: 183/183 MP: 21/32
 37005 | Orc:2    | Entered Level 2 of the Orcish Mines
 37020 | Orc:2    | Found a staircase to the Elven Halls.
 37276 | Orc:2    | Found Saofair's Weapon Emporium.
 37276 | Orc:2    | Found Oqiab's Jewellery Shop.
 37336 | Orc:2    | Found Seck's Weapon Boutique.
 37336 | Orc:2    | Found Nutuots's Weapon Emporium.
 37367 | Orc:2    | Bought a ring of protection from cold for 425 gold pieces
 37568 | Orc:2    | Found Lysisigg's Vocational Training.
 37576 | Orc:2    | Bought a manual of Evocations for 1440 gold pieces
 37813 | Orc:2    | Learned a level 3 spell: Ozocubu's Armour
 38096 | Vaults:1 | Entered Level 1 of the Vaults
 38214 | Vaults:1 | Reached skill level 1 in Ice Magic
 38630 | Vaults:1 | Found a portal to a secret trove of treasure.
 39225 | Vaults:1 | Reached skill level 10 in Evocations
 39579 | Vaults:1 | Identified the +9 quarterstaff of Quick Death {flame, rPois
                  | rF- rC+++ Str-4}
 39685 | Vaults:1 | You fall into a shaft and drop 1 floor!
 40250 | Vaults:2 | Paralysed by a sphinx for 3 turns
 40508 | Vaults:2 | Reached XP level 19. HP: 143/195 MP: 22/33
 41004 | Vaults:2 | Found Meash's General Store.
 41012 | Vaults:2 | Bought a scroll of fog for 64 gold pieces
 41557 | Vaults:2 | Found a staircase to the Crypt.
 42159 | Vaults:2 | Identified the +4 morningstar of Law {flame, MP-9 Int+5
                  | Dex+6}
 42424 | Vaults:3 | Found a glowing golden altar of the Shining One.
 42424 | Vaults:3 | Found a white marble altar of Elyvilon.
 42424 | Vaults:3 | Found a glowing silver altar of Zin.
 42426 | Vaults:3 | Found a crumbling gateway.
 42653 | Desolati | Entered the Desolation of Salt
 43017 | Desolati | Got the Quarto of Accomplices
 43040 | Desolati | Identified the ring of Pioch {rN+ rCorr}
 43050 | Desolati | Got Watwya's Spellbook of Ill-starred Striking
 43337 | Desolati | Identified the staff "Leacod" {Dex+5 Stlth+ Conj Earth}
 44058 | Desolati | Got the Elucidation of Contamination
 44087 | Desolati | Identified the amulet "Qeofien" {RegenMP ^Drain rN+++
                  | Dex+2}
 44636 | Desolati | Identified the +10 chain mail of Haomoneg {rF+++}
 45407 | Vaults:3 | Identified the staff of Orask {rF- rN+ Hexes Necro Earth}
 45762 | Vaults:3 | Reached skill level 15 in Evocations
 45764 | Vaults:3 | Reached XP level 20. HP: 208/208 MP: 22/36
 48142 | Vaults:4 | Noticed Margery
 48985 | Vaults:4 | Noticed Sojobo
 49495 | Vaults:4 | Killed Sojobo
 49648 | Vaults:4 | Noticed Mennas
 50197 | Vaults:4 | Killed Margery
 50921 | Vaults:4 | Reached XP level 21. HP: 219/219 MP: 34/38
 51405 | D:6      | Bought the storm talisman of Hamawan {Str+5 Dex+3} for 2393
                  | gold pieces
 52378 | Snake:4  | Entered Level 4 of the Snake Pit
 52391 | Snake:4  | Reached skill level 16 in Shapeshifting
 52620 | Snake:4  | Found Vept's Distillery.
 53466 | Snake:4  | Found a transporter.
 53468 | Snake:4  | Found a transporter.
 53486 | Snake:4  | Found a transporter.
 53487 | Snake:4  | Found a transporter.
 53582 | Snake:4  | Found a transporter.
 53588 | Snake:4  | Found a transporter.
 54688 | Snake:4  | Reached skill level 17 in Shapeshifting
 55073 | Snake:4  | Got a serpentine rune of Zot
 55471 | Depths:1 | Entered Level 1 of the Depths
 55471 | Depths:1 | Noticed Pikuto's ghost (adept MiBe)
 55471 | Depths:1 | Found a transporter.
 55471 | Depths:1 | Found a transporter.
 55472 | Depths:1 | Identified the +4 great mace "Ufodo" {flame, Will+ Int+3}
 55777 | D:15     | HP: 10/264 [white very ugly thing (28)]
 56713 | D:14     | Learned a level 2 spell: Blink
 57076 | D:15     | Reached skill level 1 in Translocations
 57297 | D:15     | Reached skill level 18 in Shapeshifting
 58633 | Depths:1 | Found a gateway to Hell.
 58698 | Depths:1 | You fall into a shaft and drop 1 floor!
 58977 | Depths:2 | Found a one-way gateway to a ziggurat.
 59055 | Depths:2 | Found a magical portal.
 59083 | WizLab   | Entered Yara's Duelist Academy
 59215 | WizLab   | Reached skill level 19 in Shapeshifting
 59215 | WizLab   | Reached XP level 22. HP: 175/230 MP: 35/39
 59624 | Depths:2 | Noticed a caustic shrike
 59636 | Depths:2 | Killed a caustic shrike
 60088 | Depths:2 | Noticed a juggernaut
 60300 | Depths:2 | Killed a juggernaut
 61079 | Depths:2 | Got the Incunabulum of the First Beds
 61751 | Depths:2 | Found a one-way gate leading to the halls of Pandemonium.
 61792 | Depths:3 | Found a one-way gate to the infinite horrors of the Abyss.
 61792 | Depths:3 | Found Otul's Jewellery Shop.
 61828 | Depths:3 | Bought the ring "Renan" {rElec rC+ rN+} for 820 gold pieces
 62271 | Depths:3 | Reached skill level 20 in Shapeshifting
 62529 | Depths:3 | Found a runed translucent gate.
 62529 | Depths:3 | Found a runed translucent gate.
 62529 | Depths:3 | Found an opulent altar of Gozag.
 62529 | Depths:3 | Found a runed translucent gate.
 62530 | Depths:3 | Found Kecvidgh's Assorted Antiques.
 62530 | Depths:3 | Noticed WeeknightWizard's ghost (veteran DEFE)
 62532 | Depths:3 | Found Yretukk's Assorted Antiques.
 62532 | Depths:3 | Noticed a juggernaut
 62561 | Depths:3 | Killed a juggernaut
 62869 | Depths:3 | Noticed a juggernaut
 62910 | Depths:3 | Noticed a caustic shrike
 62982 | Depths:3 | Found a white marble altar of Elyvilon.
 63601 | Depths:3 | Got the Enchiridion on Zombies and the Faeries
 63608 | Depths:3 | Learned a level 5 spell: Yara's Violent Unravelling
 63643 | Depths:3 | Noticed a golden dragon
 63657 | Depths:3 | Killed a golden dragon
 63658 | Depths:3 | Reached skill level 1 in Hexes
 63879 | Depths:3 | Identified the +6 quarterstaff of Blood-Lust {pain, rPois
                  | Int+4}
 64107 | Depths:3 | Killed a caustic shrike
 64518 | Depths:3 | Identified the ring of Anuehan {rCorr Str+3 SInv}
 64963 | Depths:4 | Entered Level 4 of the Depths
 64986 | Depths:4 | Reached skill level 21 in Shapeshifting
 65571 | Depths:4 | Noticed Jory
 65571 | Depths:4 | Noticed a caustic shrike
 65571 | Depths:4 | Noticed a caustic shrike
 65571 | Depths:4 | Noticed a caustic shrike
 65578 | Depths:4 | Noticed a golden dragon
 65580 | Depths:4 | Found a gate to the Realm of Zot.
 66100 | Depths:4 | Reached XP level 23. HP: 218/237 MP: 30/40
 66369 | Depths:4 | Reached skill level 5 in Hexes
 66705 | Depths:4 | Killed a caustic shrike
 66705 | Depths:4 | Killed a caustic shrike
 66708 | Depths:4 | Killed a caustic shrike
 66948 | Depths:4 | Killed Jory
 67748 | Depths:4 | Killed a golden dragon
 68613 | Vaults:2 | Bought a scroll of immolation for 64 gold pieces
 68689 | Crypt:1  | Entered Level 1 of the Crypt
 68715 | Crypt:1  | Reached skill level 22 in Shapeshifting
 68724 | Crypt:1  | Noticed Zenata
 68877 | Vaults:2 | HP: 9/355 [Zenata/a resonance strike (25)]
 68877 | Vaults:2 | HP: 3/355 [+4 glaive of venom[Zenata] (6)]
 68877 | Vaults:2 | Demolished by a +4 antimagic battleaxe

Illustrated notes

Levels and vault maps discovered:
D:1:      roderic_crop_circles_arrival_large, layout_rooms, serial_shops,
          nicolae_shop_pleasant_corner_grove, minmay_misc_feat_doors
D:2:      layout_loops_cross, minivault_4, minmay_misc_feat_roman, uniq_jessica
D:3:      layout_basic, serial_shops, shop
D:4:      layout_gridville, nicolae_tso_carved_into_rock, lemuel_round_altar,
          serial_glass, glass_columns_a, glass_columns_a,
          minmay_misc_feat_enclosed, uniq_eustachio, uniq_duvessa
D:5:      layout_basic, uniq_ijyb
D:6:      layout_basic, jmf_multi_god_temple, serial_shops,
          nicolae_stop_n_shop_2, st_stairs_11,
          minmay_fractal_squares_diagonal_5, uniq_sigmund
D:7:      layout_rooms, mainiacjoe_overflow_paths, minmay_temple_entry_grid,
          kennysheep_generic_room_5
D:8:      layout_basic, kennysheep_mini_moat, mainiacjoe_overflow_boulevard,
          gammafunk_ghost_split
D:9:      cheibrodos_two_vegetables, layout_cave_pods,
          worldfamousw_hep_ancestral_shrine, david_orc_2
D:10:     layout_rooms, lemuel_doored_altar, david_lair_shrubbed, serial_shops,
          kennysheep_mini, nicolae_shop_pleasant_corner_grove, shop,
          enter_bailey_5, hangedman_fish_farm
D:11:     layout_roguey, worms_lemuel, uniq_grum
D:12:     layout_rooms, st_stairs_14
D:13:     layout_basic
D:14:     cheibrodos_tormentor_scu, layout_basic, david_vaults_5,
          guppyfry_shop_blood
D:15:     gammafunk_depths_entry_grave, layout_basic, serial_shops, shop,
          fountainhead, nicolae_shop_overcharged_wands
Lair:1:   layout_loops_ring, nicolae_lair_run_with_the_wolves,
          grunt_megastairs_5, serial_bayou_shore_a, serial_bayou_shore_b
Lair:2:   layout_cellular_growth, mainiacjoe_shoals_entry_four_pools,
          minmay_snake_entry_guardpost_small, st_stairs_13, lemuel_fruit_fields,
          infiniplex_staircase_pool_2, lemuel_fruit_tree
Lair:3:   layout_loops_ring, grunt_megastairs_3, uniq_fannar
Lair:4:   beast_lair_carwin_large_1, layout_regular_city,
          portal_ice_cave_entry_pillars_2, serial_bayou_lagoon_a,
          grunt_megastairs_1
Lair:5:   guppyfry_lair_end_dragon, layout_regular_city,
          nicolae_slime_entry_field_trip, gammafunk_lair_bear_cave
Shoals:1: layout_shoals, hangedman_shoal_volcano
Shoals:2: layout_shoals
Shoals:3: layout_shoals, nicolae_shoals_so_close,
          nicolae_shoals_former_cling_halls, uniq_louise
Shoals:4: shoals_end_hangedman, layout_shoals, uniq_bai_suzhen, uniq_aizul,
          uniq_roxanne
Snake:1:  layout_gridlike, nicolae_snake_gridmaze_tees, grunt_megastairs_2
Snake:2:  layout_onion, ebering_ghost_inner_flame, chequers_hall_statues_y,
          hangedman_venom_bottle
Snake:3:  layout_rooms, serial_bayou_pond_d, grunt_megastairs_4
Snake:4:  minmay_snake_end_coiled, layout_cave_town, serial_shops, shop,
          serial_nicolae_subway, nicolae_sub_station_stone,
          nicolae_sub_station_crystal, nicolae_sub_station_metal
Orc:1:    layout_caves
Orc:2:    st_orc_ogre_mass, layout_caves, nicolae_shop_vocational
Vaults:1: hangedman_vaults_maws, v_alt_pattern_5,
          nicolae_vaults_little_squares_5, v_misc_9, nicolae_vaults_wrenched,
          nicolae_vaults_specimen_jars, vaults_room_fancy_cross,
          hangedman_vaults_snaps, vaults_room_stairs_pillars, v_misc_17,
          vaults_mumra_hexcomb, nicolae_vaults_house_1, layout_vaults_big_cross,
          nicolae_trove_entry_columns
Vaults:2: minmay_crypt_entry_simple_plaza, nicolae_vaults_closet_pinwheel_4,
          nicolae_vaults_closet_pinwheel_6, vaults_room_ringed_pool,
          ontoclasm_vaults_claustrophobia, vaults_room_corners,
          vaults_mumra_lcd, vaults_standard_mumra_lines,
          ontoclasm_vaults_loading_screen, vaults_room_octagon, v_misc_2,
          nicolae_vaults_trapezoid_layered, hangedman_vaults_maws,
          layout_vaults_omnibox, serial_shops, nicolae_shop_crystal
Vaults:3: portal_desolation_entry_holy_temple, nicolae_vaults_asterisk,
          nicolae_vaults_house_2, hangedman_vaults_stream,
          hangedman_vaults_impose, v_misc_9, nicolae_vaults_rhombus_7,
          grunt_vaults_twisty, nicolae_vaults_double_plus_1,
          ontoclasm_vaults_ring_large, ontoclasm_vaults_loading_screen,
          nicolae_vaults_border_crossing, nicolae_vaults_layer_cake_slice,
          layout_vaults_maze_snakey
Vaults:4: nicolae_vaults_six-pack, vaults_room_pools, nicolae_vaults_tangram_1,
          nicolae_vaults_storage_room_glass, vaults_room_pools,
          nicolae_vaults_windows_and_doors_thing, vaults_dpeg_ring,
          nicolae_vaults_little_squares_2, layout_vaults_big_room, uniq_sojobo,
          uniq_margery, uniq_mennas
Crypt:1:  layout_rooms, nicolae_crypt_vampire_mansion, uniq_zenata
Depths:1: layout_forbidden_donut, grunt_decor_mini_mirrors, hell_entry,
          gammafunk_ghost_smash, grunt_potential
Depths:2: hangedman_arch_fort, layout_cross, enter_ziggurat_e,
          infiniplex_enter_wizlab_glasses, serial_sigils_hangedman_leer,
          grunt_pan_entry_sceptre, pf_vacation_house_of_asmodeus
Depths:3: kennysheep_blocky_room, layout_cave_pools, pf_hell_entry_tar_spiral,
          ebering_ghost_gozag, nicolae_elyvilon_temple_path, serial_shops, shop,
          grunt_pan_entry_spiral, abyss_entry, minmay_swirly_circle,
          serial_bayou_shore_b, infiniplex_staircase_zigzag_1
Depths:4: grunt_zot_entry_bicorn, layout_honeycomb, grunt_hell_entry_dis_grunt,
          uniq_jory

Skill      XL: |  1  2  3  4  5  6  7  8  9 10 11 12 13 14 15 16 17 18 19 20 21 22 23 |
---------------+----------------------------------------------------------------------+-----
Alchemy        | 4 6 7 8 10 | 10.0
Spellcasting   | 3 4 5 7 9 10 12 13 | 13.1
Fire Magic     | 1 3 |  3.0
Fighting       | 3 7 9 10 11 14 16 17 19 20 | 20.4
Stealth        | 8 10 | 10.0
Evocations     | 5 7 11 15 16 | 16.4
Shapeshifting  | 5 10 13 14 15 19 21 22 | 22.0
Unarmed Combat | 5 9 11 | 11.6
Dodging        | 5 8 10 | 10.0
Ice Magic      | 3 |  3.3
Translocations | 1 2 |  2.0
Hexes          | 4 5 |  5.0
Conjurations   | |  1.0

Action                     |  1- 3 |  4- 6 |  7- 9 | 10-12 | 13-15 | 16-18 | 19-21 | 22-24 || total
---------------------------+-------+-------+-------+-------+-------+-------+-------+-------++-------
  Melee: Unarmed           |    42 |       |       |       |   548 |   580 |   898 |   424 ||  2492
         Mace              |    11 |    22 |    10 |       |       |       |       |       ||    43
         Rapier            |       |       |    99 |   207 |    56 |       |       |       ||   362
         Constrict         |       |       |       |       |   137 |   139 |   232 |    11 ||   519
         Tailslap          |       |       |       |       |       |       |       |    90 ||    90
         Bite              |       |       |       |       |       |       |       |    51 ||    51
         Punch             |       |       |       |       |       |       |       |    37 ||    37
   Cast: Sting             |    46 |    71 |    49 |    32 |     6 |       |       |       ||   204
         Olgreb's Toxic Ra |       |       |    20 |    89 |    83 |   170 |   117 |    15 ||   494
         Sticky Flame      |       |       |    28 |    73 |   133 |    89 |   170 |    55 ||   548
         Mephitic Cloud    |       |       |       |    16 |    37 |    55 |    38 |    10 ||   156
         Mercury Vapours   |       |       |       |       |     3 |       |       |       ||     3
         Ignite Poison     |       |       |       |       |    36 |   111 |    90 |    18 ||   255
         Ozocubu's Armour  |       |       |       |       |       |       |       |     2 ||     2
         Yara's Violent Un |       |       |       |       |       |       |       |     1 ||     1
 Invoke: Potion Petition   |       |       |       |       |       |       |     1 |       ||     1
         Bribe Branch      |       |       |       |       |       |       |     1 |       ||     1
Ability: Spit Poison       |     7 |     5 |    10 |    16 |     5 |     2 |     1 |       ||    46
         Breathe Fire      |       |       |       |       |       |       |       |     3 ||     3
  Evoke: Wand              |       |       |       |       |    11 |     2 |    12 |     8 ||    33
         Sack of spiders   |       |       |       |       |     1 |     1 |     2 |     2 ||     6
         Tin of tremorston |       |       |       |       |       |     2 |     3 |     2 ||     7
         Lightning rod     |       |       |       |       |       |     5 |     5 |     2 ||    12
         Phantom mirror    |       |       |       |       |       |       |     2 |     1 ||     3
         Phial of floods   |       |       |       |       |       |       |     2 |       ||     2
    Use: Scroll            |       |       |       |    12 |    16 |    14 |     9 |    10 ||    61
         Potion            |       |       |       |       |     1 |     4 |    13 |     1 ||    19
   Stab: Sleeping          |     3 |       |       |       |    12 |     6 |    10 |     5 ||    36
         Distracted        |       |       |     1 |     1 |     3 |     8 |    10 |     6 ||    29
         Confused          |       |       |       |     3 |     6 |     5 |     4 |       ||    18
 Armour: Robe              |    56 |    33 |    87 |   223 |    65 |       |       |       ||   464
         Skin              |       |       |       |       |   541 |   644 |   948 |   618 ||  2751
  Dodge: Dodged            |    37 |    49 |   134 |   217 |   492 |   627 |   889 |   229 ||  2674
   Form: Serpent           |       |       |       |       |     2 |     2 |       |       ||     4
                           |       |       |       |       |     1 |     1 |       |       ||     2
         Dragon            |       |       |       |       |       |       |       |     1 ||     1
